 Dungeon Crawl Stone Soup version 0.30-a0-823-geb93a13fce (webtiles) character file.

Game seed: 13781366305658806537

466 retardedninja the Shield-Bearer (level 7, -4/60 HPs)
             Began as a Gnoll Fighter on Feb 27, 2023.
             Succumbed to a water moccasin's poison
             ... on level 4 of the Dungeon.
             The game lasted 00:03:26 (2823 turns).

retardedninja the Shield-Bearer (Gnoll Fighter)     Turns: 2823, Time: 00:03:27

Health: -4/60      AC:  7    Str: 16 (17) XL:     7   Next: 8%
Magic:  10/10      EV:  9    Int:  3 (5)  God:
Gold:   168        SH:  5    Dex: 10      Spells: 10/10 levels left

rFire   . . .      SeeInvis .    a - +0 flail
rCold   . . .      Faith    .    c - +0 buckler
rNeg    . . .      Spirit   .    b - +0 scale mail
rPois   .          Reflect  .    (no helmet)
rElec   .          Harm     .    (no cloak)
rCorr   .          Rampage  .    (no gloves)
Will    .....      Clarity  +    (no boots) Stlth
                                 d - amulet of the acrobat
HPRegen 0.30/turn                (no ring)
MPRegen 0.12/turn                (no ring)

@: lethally poisoned (-4 -> -19)
A: fangs 1, strong nose, distributed training, clarity, clumsy 1, deterioration
1, dopey 1
a: no special abilities


You were on level 4 of the Dungeon.
You visited 1 branch of the dungeon, and saw 4 of its levels.

You collected 168 gold pieces.

Inventory:

Hand Weapons
 a - a +0 flail (weapon)
Armour
 b - a +0 scale mail (worn)
 c - a +0 buckler (worn)
 l - a +0 helmet
Jewellery
 d - an amulet of the acrobat (around neck)
Wands
 j - a wand of polymorph (5)
Scrolls
 e - 3 scrolls of identify {unknown}
 f - 3 scrolls of silence {unknown}
 h - a scroll of teleportation {unknown}
 i - a scroll of magic mapping {unknown}
 m - a scroll of noise {unknown}
 o - a scroll of amnesia {unknown}
 p - a scroll of immolation {unknown}
 q - a scroll of poison {unknown}
Potions
 k - a potion of invisibility {unknown}
 n - a potion of magic {unknown}
 r - a potion of berserk rage {unknown}


   Skills:
 + Level 7.0 Fighting
 + Level 2.3 Short Blades
 + Level 2.3 Long Blades
 + Level 2.3 Axes
 + Level 5.2 Maces & Flails
 + Level 2.3 Polearms
 + Level 2.3 Staves
 + Level 2.3 Ranged Weapons
 + Level 2.3 Throwing
 + Level 7.0 Armour
 + Level 2.3 Dodging
 + Level 2.3 Stealth
 + Level 7.0 Shields
 + Level 2.3 Unarmed Combat
 + Level 2.3 Spellcasting
 + Level 1.9 Conjurations
 + Level 1.9 Hexes
 + Level 1.9 Summonings
 + Level 1.9 Necromancy
 + Level 1.9 Translocations
 + Level 1.9 Transmutations
 + Level 1.9 Fire Magic
 + Level 1.9 Ice Magic
 + Level 1.9 Air Magic
 + Level 1.9 Earth Magic
 + Level 1.9 Poison Magic
 + Level 2.6 Invocations
 + Level 2.3 Evocations


You had 10 spell levels left.
You didn't know any spells.
Your spell library was empty.

Dungeon Overview and Level Annotations

Branches:
Dungeon (4/15)
 Temple: D:4-7

Altars:
Fedhas
Nemelex Xobeh
Ru

Shops:
D:2 !


Innate Abilities, Weirdness & Mutations

You have very sharp teeth.
Your uncanny sense of smell can sniff out nearby items.
Your experience applies equally to all skills.
You possess an exceptional clarity of mind.
You are clumsy. (Dex -2)
Your body sometimes deteriorates upon taking damage.
You are dopey. (Int -2)


Message History

The orc priest closely misses you. You block the water moccasin's attack.
You miss the water moccasin.
The water moccasin is heavily wounded.
You feel very sick. You block the water moccasin's attack.
The orc priest hits you but does no damage.
The water moccasin bites you.
* * * LOW HITPOINT WARNING * * *
The orc priest hits you with a +0 short sword.
* * * LOW HITPOINT WARNING * * *
It was a potion of curing.
You feel better. The water moccasin barely misses you.
The orc priest looks braver for a moment.
You feel better.
The water moccasin bites you but does no damage.
The water moccasin closely misses you.
The orc priest begins to cast a cantrip, but forgets the words!
You hit the water moccasin.
The water moccasin is heavily wounded.
The water moccasin bites you.
* * * LOW HITPOINT WARNING * * *
The orc priest hits you with a +0 short sword.
* * * LOW HITPOINT WARNING * * *
You closely miss the water moccasin.
The water moccasin is heavily wounded.
The water moccasin bites you but does no damage.
The water moccasin bites you!
* * * LOW HITPOINT WARNING * * *
Your body deteriorates!
You feel dopey.
You closely miss the water moccasin.
The water moccasin is heavily wounded.
The water moccasin bites you but does no damage.
The orc priest hits you but does no damage.
The water moccasin bites you.
* * * LOW HITPOINT WARNING * * *
You are lethally poisoned!
The water moccasin poisons you!
You barely miss the water moccasin.
The water moccasin is heavily wounded.
You die...

# #####
###.# #...#
...
#...##o##
#....@So#
#...###...#∆
#...#<# #>#
#...#.# #
#.....#
#...###
#####


You could see a water moccasin and 2 orc priests.

Vanquished Creatures
  Grinder (D:3)
  An orc priest (D:4)
  Terence (D:2)
  Natasha (thrice) (D:2)
  Robin (D:2)
  3 gnolls (D:3)
  2 adders (D:2)
  2 worms
  2 dart slugs (D:1)
  An orc (D:4)
  2 endoplasms
  A giant cockroach (D:1)
  13 goblins
  9 hobgoblins
  6 kobolds
  3 quokkas (D:1)
  2 ball pythons
  8 bats
  2 frilled lizards (D:1)
  4 rats (D:1)
67 creatures vanquished.

Notes
Turn   | Place    | Note
-------+----------+-------------------------------------------
     0 | D:1      | retardedninja the Gnoll Fighter began the quest for the
                  | Orb.
     0 | D:1      | Reached XP level 1. HP: 23/23 MP: 1/1
    53 | D:1      | Reached XP level 2. HP: 23/29 MP: 2/2
   441 | D:1      | Reached XP level 3. HP: 23/35 MP: 3/3
   723 | D:2      | Reached skill level 1 in Invocations
   764 | D:2      | Reached skill level 1 in Short Blades
   764 | D:2      | Reached skill level 1 in Long Blades
   764 | D:2      | Reached skill level 1 in Axes
   764 | D:2      | Reached skill level 1 in Polearms
   764 | D:2      | Reached skill level 1 in Staves
   764 | D:2      | Reached skill level 1 in Ranged Weapons
   764 | D:2      | Reached skill level 1 in Throwing
   764 | D:2      | Reached skill level 1 in Dodging
   764 | D:2      | Reached skill level 1 in Stealth
   764 | D:2      | Reached skill level 1 in Unarmed Combat
   764 | D:2      | Reached skill level 1 in Spellcasting
   764 | D:2      | Reached skill level 1 in Evocations
   841 | D:2      | Noticed Natasha
   852 | D:2      | Killed Natasha
   853 | D:2      | Reached XP level 4. HP: 27/41 MP: 5/5
   867 | D:2      | Noticed Natasha
   867 | D:2      | Noticed Terence
   871 | D:2      | Gained mutation: You occasionally lose the ability to read
                  | scrolls when taking damage. [potion of mutation]
   871 | D:2      | Gained mutation: Your movements are slightly less
                  | encumbered by armour. (ER -2) [potion of mutation]
   871 | D:2      | Gained mutation: Potions are less effective at restoring
                  | your health. [potion of mutation]
   875 | D:2      | Killed Natasha
   876 | D:2      | Reached skill level 1 in Conjurations
   876 | D:2      | Reached skill level 1 in Hexes
   876 | D:2      | Reached skill level 1 in Summonings
   876 | D:2      | Reached skill level 1 in Necromancy
   876 | D:2      | Reached skill level 1 in Translocations
   876 | D:2      | Reached skill level 1 in Transmutations
   876 | D:2      | Reached skill level 1 in Fire Magic
   876 | D:2      | Reached skill level 1 in Ice Magic
   876 | D:2      | Reached skill level 1 in Air Magic
   876 | D:2      | Reached skill level 1 in Earth Magic
   876 | D:2      | Reached skill level 1 in Poison Magic
   883 | D:2      | Killed Terence
   884 | D:2      | Reached XP level 5. HP: 5/47 MP: 5/7
  1049 | D:2      | Lost mutation: Your movements are slightly less encumbered
                  | by armour. (ER -2) [potion of mutation]
  1049 | D:2      | Lost mutation: Potions are less effective at restoring your
                  | health. [potion of mutation]
  1049 | D:2      | Lost mutation: You occasionally lose the ability to read
                  | scrolls when taking damage. [potion of mutation]
  1049 | D:2      | Gained mutation: You have hidden genetic defects. [potion
                  | of mutation]
  1049 | D:2      | Gained mutation: You are partially covered in iridescent
                  | scales. (AC +2) [potion of mutation]
  1049 | D:2      | Gained mutation: You have supernaturally acute eyesight.
                  | (SInv) [potion of mutation]
  1207 | D:2      | Noticed Robin
  1219 | D:2      | Killed Robin
  1222 | D:2      | Gained mutation: You are vulnerable to heat. (rF-) [hidden
                  | defects]
  1298 | D:2      | Noticed Natasha
  1307 | D:2      | Killed Natasha
  1322 | D:2      | Gained mutation: Your body sometimes deteriorates upon
                  | taking damage. [hidden defects]
  1322 | D:2      | Lost mutation: You have hidden genetic defects. [hidden
                  | defects expressed]
  1492 | D:2      | Lost mutation: You are partially covered in iridescent
                  | scales. (AC +2) [potion of mutation]
  1492 | D:2      | Lost mutation: You have supernaturally acute eyesight.
                  | (SInv) [potion of mutation]
  1492 | D:2      | Gained mutation: You possess an exceptional clarity of
                  | mind. [potion of mutation]
  1492 | D:2      | Gained mutation: Your mind is acute. (Int +4, Str/Dex -1)
                  | [potion of mutation]
  1493 | D:2      | Lost mutation: You are vulnerable to heat. (rF-) [potion of
                  | mutation]
  1493 | D:2      | Lost mutation: Your mind is acute. (Int +4, Str/Dex -1)
                  | [potion of mutation]
  1493 | D:2      | Gained mutation: You are dopey. (Int -2) [potion of
                  | mutation]
  1493 | D:2      | Gained mutation: You are clumsy. (Dex -2) [potion of
                  | mutation]
  1631 | D:2      | Found Inyec's Distillery.
  1665 | D:3      | Found a sparkling altar of Nemelex Xobeh.
  1681 | D:3      | HP: 1/47 [gnoll/+0 club (5)]
  1685 | D:3      | Found a blossoming altar of Fedhas.
  2119 | D:3      | Reached XP level 6. HP: 53/53 MP: 8/8
  2274 | D:3      | Noticed Grinder
  2293 | D:3      | Killed Grinder
  2294 | D:3      | Reached skill level 5 in Maces & Flails
  2395 | D:3      | Reached XP level 7. HP: 59/59 MP: 10/10
  2672 | D:3      | Found a sacrificial altar of Ru.
  2817 | D:4      | HP: 1/60 [orc priest/+0 short sword (4)]
  2822 | D:4      | HP: 1/60 [water moccasin (4)]
  2823 | D:4      | Succumbed to a water moccasin's poison

Illustrated notes

Levels and vault maps discovered:
D:1:      amcnicky_arrival_feature_with_door, layout_rooms
D:2:      layout_basic, serial_shops, shop, uniq_terence, uniq_robin,
          uniq_natasha
D:3:      layout_loops_cross, mainiacjoe_overflow_chevrons,
          lemuel_coloured_pillars_altar, overflow_temple_1_default, uniq_grinder
D:4:      minmay_inner_zag, layout_basic, grunt_temple_overflow_holy_war,
          mainiacjoe_overflow_surrounded_room

Skill      XL: |  1  2  3  4  5  6  7 |
---------------+----------------------+-----
Invocations    | 1 2 |  2.6
Short Blades   | 1 2 |  2.3
Long Blades    | 1 2 |  2.3
Axes           | 1 2 |  2.3
Polearms       | 1 2 |  2.3
Staves         | 1 2 |  2.3
Ranged Weapons | 1 2 |  2.3
Throwing       | 1 2 |  2.3
Dodging        | 1 2 |  2.3
Stealth        | 1 2 |  2.3
Unarmed Combat | 1 2 |  2.3
Spellcasting   | 1 2 |  2.3
Evocations     | 1 2 |  2.3
Conjurations   | 1 |  1.9
Hexes          | 1 |  1.9
Summonings     | 1 |  1.9
Necromancy     | 1 |  1.9
Translocations | 1 |  1.9
Transmutations | 1 |  1.9
Fire Magic     | 1 |  1.9
Ice Magic      | 1 |  1.9
Air Magic      | 1 |  1.9
Earth Magic    | 1 |  1.9
Poison Magic   | 1 |  1.9
Maces & Flails | 5 |  5.2
Fighting       | 7 |  7.0
Armour         | 7 |  7.0
Shields        | 7 |  7.0

Action                     |  1- 3 |  4- 6 |  7- 9 || total
---------------------------+-------+-------+-------++-------
  Melee: Flail             |    97 |   110 |    26 ||   233
         Bite              |     5 |     9 |     3 ||    17
    Use: Potion            |       |     5 |     2 ||     7
 Armour: Scale mail        |    57 |    44 |    18 ||   119
  Dodge: Dodged            |    48 |    56 |     9 ||   113
  Block: Buckler           |    35 |    40 |     8 ||    83

Table legend: (Time is in decaauts)
 A = Elapsed time spent in this place.
 B = Non-inter-level travel time spent in this place.
 C = Inter-level travel time spent in this place.
 D = Time resting spent in this place.
 E = Time spent auto-exploring this place.
 F = Levels seen in this place.
 G = Mean time per level.
                   A        B        C        D        E       F      G
               +--------+--------+--------+--------+--------+-----+--------+
         Total |   2892 |   2801 |     91 |    785 |   1530 |   4 |  723.0 |
       Dungeon |   2892 |   2801 |     91 |    785 |   1530 |   4 |  723.0 |
               +--------+--------+--------+--------+--------+-----+--------+

Top non-repeatable levels by time:
     D:3: 1136 daAuts
     D:2: 986 daAuts
     D:1: 735 daAuts
     D:4: 34 daAuts
